 Dungeon Crawl Stone Soup version 0.29.0-4-gdea44cf6ec (webtiles) character file.

Game seed: 7952364390053351266

96 qw the Sneak (level 4, -8/36 HPs)
             Began as a Ghoul Enchanter on Sept 8, 2022.
             Mangled by Pikel
             ... wielding a +0 whip of electrocution
              (19 damage)
             ... on level 4 of the Dungeon.
             The game lasted 00:01:24 (3917 turns).

qw the Sneak (Ghoul Enchanter)                      Turns: 3917, Time: 00:01:25

Health: -8/36      AC: 11    Str: 13    XL:     4   Next: 67%
Magic:  5/5        EV:  3    Int: 10    God:
Gold:   158        SH:  0    Dex:  9    Spells: 6/6 levels left

rFire   . . .      SeeInvis .   Y - +2 broad axe (drain)
rCold   + . .      Faith    .   (no shield)
rNeg    + + +      Spirit   .   j - +0 plate armour
rPois   inf        Reflect  .   (no helmet)
rElec   .          Harm     .   (no cloak)
rCorr   .          Rampage  .   d - +0 pair of gloves
Will    .....                   (no boots)
Stlth   ..........              (no amulet)
HPRegen 0.00/turn               (no ring)
MPRegen 0.09/turn               (no ring)

@: inhibited regen
A: claws 1, cold resistance 1, negative energy resistance 3, inhibited
regeneration, torment resistance 2, devour on kill
a: no special abilities


You were on level 4 of the Dungeon.
You visited 1 branch of the dungeon, and saw 4 of its levels.

You collected 158 gold pieces.


Innate Abilities, Weirdness & Mutations

You are immune to poison.
You have sharp fingernails.
Your flesh is cold resistant. (rC+)
You are immune to negative energy. (rN+++)
You do not regenerate when monsters are visible.
You are immune to unholy pain and torment.
You thrive by killing the living.


   Skills:
 - Level 2.0 Fighting
 - Level 0.8 Short Blades
 + Level 2.9 Axes
 - Level 1.0 Armour
 - Level 1.7 Dodging
 - Level 3.2 Stealth
 - Level 1.7 Spellcasting
 - Level 2.4 Hexes


You had 6 spell levels left.
You didn't know any spells.
Your spell library contained the following spells:

 Spells                   Type           Power      Damage    Failure   Level
 Ensorcelled Hibernation  Hex/Ice        6%         N/A       100%        2
 Confusing Touch          Hex            5%         N/A       100%        3
 Dazzling Flash           Conj/Hex       6%         N/A       100%        3
 Tukima's Dance           Hex            5%         N/A       100%        3

Inventory:

Hand Weapons
 e - a +0 flail
 Y - a +2 broad axe of draining (weapon)
Missiles
 a - 4 boomerangs (quivered)
Armour
 d - a +0 pair of gloves (worn)
 j - a +0 plate armour (worn)
Jewellery
 f - a ring of fire
Scrolls
 b - a scroll of teleportation
Potions
 g - a potion of flight {unknown}
 h - a potion of ambrosia {unknown}
 i - a potion of curing
 l - a potion of brilliance {unknown}
 m - a potion of attraction {unknown}
 o - a potion of might {unknown}

Dungeon Overview and Level Annotations

Branches:
Dungeon (4/15)
 Temple: D:4-7

Altars:

Annotations:
D:4 Pikel


Message History

Done waiting.
Done exploring.
3884 ||| READING scroll labelled PIS ELOJIZ AXKE.
As you read the scroll labelled PIS ELOJIZ AXKE, it crumbles to dust.
Magic quickly surges around you.
It was a scroll of vulnerability.
Done exploring.
3885 ||| DRINKING 2 blue potions.
It was a potion of curing.
You feel better.
Done exploring.
3886 ||| DROPPING scroll of immolation.
You drop a scroll of immolation.
Done exploring.
(D) Dungeon
Where to? (* - list waypoints, Enter - D:3, ? - help)
What level of the Dungeon? (default 1, ? - help)
You see here 4 stones.
There is an open door here.
You open the door.
There is an open door here.
There is a stone staircase leading down here.
You climb downwards.
Pikel shouts!
The lemure shouts! x3
Found a stone staircase leading down.
There is a stone staircase leading up here.
There are monsters nearby!
Existing waypoints: (1) D:2 (2) D:3 Assign waypoint to what number? (0-9, D - delete waypoint) Waypoint 1 re-assigned from D:2 to D:4.
The lemure hits you. x2
You closely miss the lemure. You barely miss the lemure.
You hit Pikel but do no damage. You hit the lemure.
You feel your willpower return. The lemure hits you but does no damage.
The lemure hits you. The lemure hits you but does no damage.
Pikel hits you but does no damage.
You hit the lemure.
The lemure is moderately wounded.
You slash the lemure! You hit the lemure. You hit Pikel. You drain Pikel.
The lemure hits you! The lemure hits you but does no damage.
The lemure hits you! Pikel hits you but does no damage.
You are electrocuted!!
Ouch! That really hurt!
You die...

#..# ...
..# #..
#..# #>.
#..##
#.<#######
#.@K5.....
#555......
#..#####..
####


You could see Pikel (drained) and 4 lemures.

Vanquished Creatures
  2 gnolls
  An adder (D:3)
  2 worms
  4 dart slugs
  An endoplasm (D:3)
  A giant cockroach (D:3)
  4 goblins
  4 hobgoblins (D:2)
  6 jackals (D:2)
  5 kobolds
  4 quokkas
  4 ball pythons
  8 bats
  4 frilled lizards
  4 rats
54 creatures vanquished.

Notes
Turn   | Place    | Note
-------+----------+-------------------------------------------
     0 | D:1      | qw the Ghoul Enchanter began the quest for the Orb.
     0 | D:1      | Reached XP level 1. HP: 14/14 MP: 2/2
     0 | D:1      | 0 ||| qw: Version: 0.1-a-112-g44dc6cd
     0 | D:1      | 0 ||| qw: Game counter: 6856
     0 | D:1      | 0 ||| qw: Always use a shield: true
     0 | D:1      | 0 ||| qw: God list: Okawaru
     0 | D:1      | 0 ||| qw: Allow faded altars: false
     0 | D:1      | 0 ||| qw: Do Orc after D:15 true
     0 | D:1      | 0 ||| qw: Do second Lair branch before Depths: true
     0 | D:1      | 0 ||| qw: Lair rune preference: random
     0 | D:1      | 0 ||| qw: Plans: Normal
     0 | D:1      | 0 ||| PLANNING D:1-11
    84 | D:1      | 84 ||| SWAPPING to +0 club.
    85 | D:1      | 85 ||| DROPPING +1 dagger.
   151 | D:1      | Reached skill level 1 in Axes
   317 | D:1      | Reached XP level 2. HP: 14/22 MP: 3/3
   495 | D:1      | Reached skill level 1 in Fighting
   498 | D:1      | 498 ||| SWAPPING to +0 short sword.
   499 | D:1      | 499 ||| DROPPING +0 club.
   511 | D:1      | 511 ||| Stepping ~*~*~tactically~*~*~ (stealth).
   513 | D:1      | 513 ||| Stepping ~*~*~tactically~*~*~ (stealth).
   594 | D:1      | 594 ||| Stepping ~*~*~tactically~*~*~ (stealth).
   771 | D:1      | 771 ||| SWAPPING to +0 hand axe.
   772 | D:1      | 772 ||| DROPPING +0 short sword.
  1035 | D:1      | 1035 ||| DROPPING +0 club.
  1406 | D:1      | 1406 ||| Stepping ~*~*~tactically~*~*~ (stealth).
  1572 | D:1      | 1572 ||| UPGRADING to +0 leather armour.
  1582 | D:1      | 1582 ||| DROPPING +0 robe.
  1583 | D:1      | 1583 ||| READING scroll labelled XYOJEZ WYRUTU.
  1584 | D:1      | 1584 ||| READING scroll labelled PEAMMI WYOPPOPS.
  1585 | D:1      | 1585 ||| READING scroll labelled YGAGUHAMIM.
  1585 | D:1      | Identified a scroll of acquirement
  1585 | D:1      | 1585 ||| ACQUIRING +1 broad axe of draining
  1585 | D:1      | Acquired a +1 broad axe of draining
  1587 | D:1      | 1587 ||| SWAPPING to +1 broad axe of draining.
  1588 | D:1      | 1588 ||| DROPPING +0 hand axe.
  1589 | D:1      | 1589 ||| READING scroll labelled TYNKEE MOSTIUL.
  1593 | D:1      | 1593 ||| READING 2 scrolls labelled LEGGEA OLAIKAU.
  1594 | D:1      | 1594 ||| READING scroll labelled NULLEQ BYPRAB.
  1595 | D:1      | 1595 ||| DROPPING 2 potions of invisibility.
  1596 | D:1      | 1596 ||| DROPPING scroll of amnesia.
  1701 | D:2      | Reached XP level 3. HP: 28/28 MP: 4/4
  2051 | D:2      | 2051 ||| Stepping ~*~*~tactically~*~*~ (stealth).
  2052 | D:2      | 2052 ||| Stepping ~*~*~tactically~*~*~ (stealth).
  2159 | D:2      | 2159 ||| DROPPING +0 whip.
  2259 | D:2      | 2259 ||| Stepping ~*~*~tactically~*~*~ (stealth).
  2261 | D:2      | 2261 ||| Stepping ~*~*~tactically~*~*~ (stealth).
  2264 | D:2      | Reached XP level 4. HP: 36/36 MP: 5/5
  2283 | D:2      | 2283 ||| Stepping ~*~*~tactically~*~*~ (stealth).
  2518 | D:2      | 2518 ||| UPGRADING to +0 ring mail.
  2528 | D:2      | 2528 ||| UPGRADING to +0 pair of gloves.
  2533 | D:2      | 2533 ||| UPGRADING to +0 scale mail.
  2543 | D:2      | 2543 ||| DROPPING +0 ring mail.
  2544 | D:2      | 2544 ||| UPGRADING to +0 plate armour.
  2554 | D:2      | 2554 ||| DROPPING +0 scale mail.
  2555 | D:2      | 2555 ||| DROPPING +0 leather armour.
  2556 | D:2      | 2556 ||| READING scroll labelled GAHESTR MILLONA.
  2694 | D:3      | 2694 ||| Stepping ~*~*~tactically~*~*~ (stealth).
  2695 | D:3      | 2695 ||| Stepping ~*~*~tactically~*~*~ (stealth).
  2697 | D:3      | 2697 ||| Stepping ~*~*~tactically~*~*~ (stealth).
  3063 | D:3      | 3063 ||| Stepping ~*~*~tactically~*~*~ (hiding).
  3069 | D:3      | Reached skill level 1 in Armour
  3602 | D:3      | Found a faded altar of an unknown god.
  3782 | D:3      | 3782 ||| READING 2 scrolls labelled FEDASS BIOKOE.
  3783 | D:3      | 3783 ||| READING scroll labelled ZEODYSE YNOC.
  3884 | D:3      | 3884 ||| READING scroll labelled PIS ELOJIZ AXKE.
  3885 | D:3      | 3885 ||| DRINKING 2 blue potions.
  3886 | D:3      | 3886 ||| DROPPING scroll of immolation.
  3914 | D:4      | Noticed Pikel
  3914 | D:4      | Noticed a lemure
  3914 | D:4      | Noticed a lemure
  3914 | D:4      | Noticed a lemure
  3914 | D:4      | Noticed a lemure
  3917 | D:4      | Mangled by Pikel

Levels and vault maps discovered:
D:1:      saegor_arrival_fortress, layout_basic, minmay_misc_feat_cross
D:2:      layout_loops_ring, moated_statue, minmay_misc_feat_ornament,
          chequers_serial_rivers_large_a, cheibrodos_gnoll_hut
D:3:      layout_loops_corners, hellmonk_ecumenical_altar_arch_garden,
          amethyst_killhole, minmay_misc_feat_iff, minmay_pentangle
D:4:      layout_cave_pods, nicolae_overflow_crystal_walls,
          mainiacjoe_overflow_tiny_flanked, minmay_liquid_box,
          serial_park_tiny_1, uniq_crazy_yiuf_cottage, uniq_pikel, uniq_natasha

Skill      XL: |  1  2  3  4 |
---------------+-------------+-----
Axes           | 1 2 |  2.9
Fighting       | 1 2 |  2.0
Armour         | 1 |  1.0
Short Blades   | |  0.8
Dodging        | |  1.7
Stealth        | |  3.2
Spellcasting   | |  1.7
Hexes          | |  2.4

Action                   |  1- 3 |  4- 6 || total
-------------------------+-------+-------++-------
Melee: Club              |    23 |       ||    23
       Dagger            |     3 |       ||     3
       Punch             |     4 |       ||     4
       Hand axe          |    45 |       ||    45
       Short sword       |     9 |       ||     9
       Broad axe         |    57 |    40 ||    97
Throw: Boomerang         |    23 |    14 ||    37
  Use: Scroll            |     6 |     4 ||    10
       Potion            |       |     1 ||     1
 Stab: Sleeping          |     2 |       ||     2
Armor: Robe              |    22 |       ||    22
       Leather armour    |    23 |     3 ||    26
       Plate armour      |       |    28 ||    28
Dodge: Dodged            |    87 |     5 ||    92

Table legend:
 A = Non-vault XP
 B = Vault XP
 C = Vault XP percentage of total XP
 D = Non-vault monster count
 E = Vault monster count
 F = Vault count percentage of total count
                 A         B        C        D         E       F
            +---------+---------+-------+---------+---------+-------
      Total |      90 |      48 |  34.8 |      45 |       9 |  16.7
            +---------+---------+-------+---------+---------+-------
        D:1 |      32 |       0 |   0.0 |      19 |       0 |   0.0
        D:2 |      36 |      19 |  34.5 |      20 |       3 |  13.0
        D:3 |      22 |      29 |  56.9 |       6 |       6 |  50.0
            +---------+---------+-------+---------+---------+-------
